AoeStats
← Drydaitas

Nomad

510011044Analyzed
2v2 RM · 3d ago on Sep 29, 2026· 53m 5s· 4 players
Game mode
Random Map
Map size
176×176
Population
200
Speed
Normal
Resources
Standard
Victory
Conquest
Starting age
Dark Age
Ending age
Imperial Age
RankedLock teamsTeams togetherTeam positionsShared explorationLock speedFull tech treeHidden civsTurbo modeCheats
Victory
Defeat
🇨🇿 Armenians · Czechia
1389
+17
🇨🇿 Berbers · Czechia
1358
+18
🇨🇱 Italians · Chile
1452
-19
🇲🇽 Persians · Mexico
1361
-16
luislm6621
4:40 Loom
12:31 Feudal Age
12:52 Town Watch
19:58 Castle Age
22:19 Medium Warships
35:14 Double-Bit Axe
40:49 Imperial Age
38:33 Horse Collar
40:19 Forging
40:34 Scale Barding Armor
41:07 Bloodlines
40:58 Husbandry
43:48 Chain Barding Armor
43:46 Cavalier
45:13 Iron Casting
¡No hate!
4:14 Loom
14:36 Feudal Age
18:18 Castle Age
16:10 Stone Mining
17:13 Gold Mining
17:26 Fishing Lines
17:37 Double-Bit Axe
17:56 Town Watch
18:55 Fletching
25:26 Padded Archer Armor
26:17 Bodkin Arrow
28:16 Ballistics
28:31 Padded Archer Armor
35:05 Gillnets
35:54 Fortified Wall
36:44 Bow Saw
36:15 Horse Collar
37:35 Wheelbarrow
40:44 Imperial Age
38:39 Masonry
38:24 Murder Holes
38:48 Leather Archer Armor
39:25 Thumb Ring
41:31 Hand Cart
41:18 Heavy Plow
41:54 Stone Shaft Mining
42:47 Chemistry
41:48 Bracer
42:44 Ring Archer Armor
43:07 Conscription
45:47 Architecture
45:13 Murder Holes
47:28 Hoardings
47:04 Pirotechnia
50:44 Crop Rotation
50:21 Scale Barding Armor
50:26 Forging
50:17 Scale Mail Armor
Drydaitas
3:25 Loom
13:28 Feudal Age
13:57 Man-at-Arms
15:18 Long Swordsman
16:48 Scale Mail Armor
19:34 Forging
20:13 Arson
21:09 Wheelbarrow
25:09 Castle Age
23:08 Double-Bit Axe
23:23 Fletching
24:24 Stone Mining
25:30 Horse Collar
26:08 Gambesons
26:39 Chain Mail Armor
26:30 Squires
25:51 Two-Handed Swordsman
26:45 Bow Saw
26:56 Gold Mining
28:00 Champion
33:08 Town Watch
38:51 Imperial Age
37:10 Murder Holes
37:37 Heavy Plow
39:08 Hand Cart
39:57 Fereters
41:37 Chemistry
41:21 Masonry
41:32 Ballistics
42:15 Plate Mail Armor
42:35 Iron Casting
46:12 Heavy Scorpion
48:37 Bodkin Arrow
48:42 Padded Archer Armor
50:37 Blast Furnace
49:38 Bracer
50:43 Leather Archer Armor
49:50 Elite Skirmisher
49:51 Elite Genitour
51:28 Elite Composite Bowman
52:30 Conscription
53:04 Pikeman
Sikfred
5:24 Loom
12:43 Feudal Age
13:18 Double-Bit Axe
19:50 Castle Age
21:08 Town Watch
21:36 Fletching
22:28 Stone Mining
23:52 Horse Collar
27:01 Gold Mining
29:56 Scale Barding Armor
29:47 Bodkin Arrow
38:06 Imperial Age
37:51 Murder Holes
38:37 Ballistics
40:54 Chemistry
40:44 Elite Skirmisher
Connection lost

Rejoining the realm…

Still unreachable

The connection could not be restored.

Session expired

The server has moved on; the page needs a fresh start.